 Dungeon Crawl Stone Soup version 0.16-a0-3832-g18ec49b (webtiles) character file.

175 kroki the Grave Robber (level 5, 0/35 HPs)
             Began as a Mummy Necromancer on Jan 29, 2015.
             Slain by an ogre
             ... wielding a +0 giant spiked club
              (18 damage)
             ... on level 4 of the Dungeon.
             The game lasted 00:09:00 (4106 turns).

kroki the Grave Robber (Mummy Necromancer)          Turns: 4106, Time: 00:09:00

Health: 0/35       AC:  7    Str: 11    XL:     5   Next: 29%
Magic:  5/9        EV: 12    Int: 15    God:
Gold:   82         SH:  0    Dex: 12    Spells: 3 memorised, 2 levels left

rFire  x . .     SeeInvis .     e - +0 rapier
rCold  + . .     Clarity  .     a - +0 robe
rNeg   + + +     SustAb   .     (no shield)
rPois  ∞         Gourm    .     c - +0 helmet
rElec  .         Spirit   .     n - +1 cloak
rCorr  .         Warding  .     (no gloves)
rMut   .         Stasis   .     h - +1 pair of boots
MR     +....                    (no amulet)
Stlth  ++........               (no ring)
                                g - ring of protection from magic

@: somewhat resistant to hostile enchantments, unstealthy
A: no food or potions, fire vulnerability, restore body, cold resistance 1,
negative energy resistance 3, poison resistance, torment resistance, unbreathing
a: no special abilities


You were on level 4 of the Dungeon.
You were not hungry.

You visited 1 branch of the dungeon, and saw 4 of its levels.

You collected 82 gold pieces.

Inventory:

Hand weapons
 e - a +0 rapier (weapon)
   (You found it on level 3 of the Dungeon)
 i - a +0 dagger
   (You took it off a kobold on level 1 of the Dungeon)
Missiles
 d - 108 stones (quivered)
Armour
 a - a +0 robe (worn)
 c - a +0 helmet (worn)
   (You found it on level 4 of the Dungeon)
 h - a +1 pair of boots (worn)
   (You found it on level 1 of the Dungeon)
 n - a +1 cloak (worn)
   (You found it on level 2 of the Dungeon)
Jewellery
 g - a ring of protection from magic (left hand)
   (You found it on level 1 of the Dungeon)
Scrolls
 f - a scroll of identify
Books
 b - a book of Necromancy


   Skills:
 - Level 1.9 Dodging
 - Level 1.9 Stealth
 - Level 2.2 Spellcasting
 + Level 6.2 Necromancy


You had 2 spell levels left.
You knew the following spells:

 Your Spells              Type           Power        Failure   Level  Hunger
a - Pain                  Necr           ###.         1%          1    N/A
b - Animate Dead          Necr           N/A          21%         4    N/A
z - Animate Skeleton      Necr           N/A          1%          1    N/A


Innate Abilities, Weirdness & Mutations

You do not eat or drink.
Your flesh is vulnerable to fire.
Your flesh is cold resistant.
You are immune to negative energy.
Your system is resistant to poisons.
You are immune to unholy pain and torment.
You can survive without breathing.

Dungeon Overview and Level Annotations

Branches:
Dungeon (4/15)
 Temple: D:4-7

Altars:

#.## ##...!...##
#........# ###
##.....## #.##.###.#
##...## #.##.# #.#
##+## #.##.# #.# #.#
#.##.# #.# #.#
#.##.###.# ##.##
#........#
##...#########.#####
#.....zO@......#
##...###########
##..# #..#
..........#
.######.## #.# #.#
#.#


You could see an ogre and a friendly giant cockroach zombie.


Message History

Aim: an ogre, wielding a giant spiked club (chance 80%)
The ogre convulses in agony!
Casting: Pain
Aiming: Pain
Aim: an ogre, wielding a giant spiked club (moderately wounded, chance 80%)
The ogre convulses in agony!
The ogre hits you with a giant spiked club!
You take 8 damage.
Casting: Pain
Aiming: Pain
Aim: an ogre, wielding a giant spiked club (heavily wounded, chance 80%)
Your giant cockroach zombie is unaffected.
Your giant cockroach zombie closely misses the ogre.
The ogre hits you with a giant spiked club!
You take 9 damage.
Something bites the ogre but does no damage.
Unknown command.
Casting: Pain
Okay, then.
Casting: Pain
Aiming: Pain
Aim: an ogre, wielding a giant spiked club (heavily wounded, chance 80%)
The ogre convulses in agony!
Casting: Pain
Aiming: Pain
Aim: an ogre, wielding a giant spiked club (severely wounded, chance 80%)
The ogre convulses in agony!
The ogre hits you with a giant spiked club!!
Ouch! That really hurt!
You die...

Notes
Turn   | Place    | Note
--------------------------------------------------------------
     0 | D:1      | kroki, the Mummy Necromancer, began the quest for the Orb.
     0 | D:1      | Reached XP level 1. HP: 13/13 MP: 3/3
   419 | D:1      | Reached XP level 2. HP: 19/19 MP: 2/4
   447 | D:1      | Learned a level 1 spell: Animate Skeleton
  1113 | D:2      | Reached XP level 3. HP: 24/24 MP: 3/6
  1871 | D:2      | Reached skill level 5 in Necromancy
  2244 | D:3      | Reached XP level 4. HP: 30/30 MP: 5/7
  2253 | D:3      | Learned a level 4 spell: Animate Dead
  3279 | D:3      | Noticed Natasha
  3288 | D:3      | Killed Natasha
  3288 | D:3      | Reached XP level 5. HP: 31/35 MP: 0/9
  3502 | D:3      | Reached skill level 6 in Necromancy
  4095 | D:4      | Noticed an ogre
  4106 | D:4      | Slain by an ogre

Vanquished Creatures
  A worker ant (D:4)
  Natasha (D:3)
  An orc wizard (D:3)
  2 adders (D:2)
  An adder skeleton (D:4)
  5 orcs (D:3)
  2 giant cockroaches
  5 goblins
  10 hobgoblins
  3 jackals (D:2)
  5 kobolds
  2 quokkas (D:2)
  A ball python (D:3)
  9 bats
  5 giant newts
  16 rats
69 creatures vanquished.

Vanquished Creatures (collateral kills)
  A worm (D:2)
  2 bats (D:2)
  A hobgoblin (D:3)
  A jackal (D:2)
  A rat (D:2)
6 creatures vanquished.

Vanquished Creatures (others)
  An adder skeleton (D:2)
  A bat zombie (D:3)
  A hobgoblin skeleton (D:3)
  A quokka skeleton (D:2)
  A rat skeleton (D:2)
5 creatures vanquished.

Grand Total: 80 creatures vanquished

Action                   |  1- 3 |  4- 6 || total
-------------------------+-------+-------++-------
Melee: Dagger            |    21 |       ||    21
       Rapier            |       |    72 ||    72
Throw: Stone             |     5 |     9 ||    14
 Cast: Pain              |    79 |    31 ||   110
       Animate Skeleton  |    15 |       ||    15
       Animate Dead      |       |    10 ||    10
  Use: Scroll            |     6 |     3 ||     9
 Stab: Confused          |       |     1 ||     1

Vault maps used:
D:1:      elethiomel_arrival_maze, minmay_misc_feat_room
D:2:      baited_tele_trap
D:3:      uniq_natasha
D:4:      lemuel_coloured_pillars_altar, kennysheep_generic_room_11
